 Dungeon Crawl Stone Soup version 0.27-a0-1500-g450c7e4133 (webtiles) character file.

Game seed: 10907682915492381700

4649 wesbby the Spear-Bearer (level 10, -1/85 (88) HPs)
             Began as a Minotaur Berserker on July 7, 2021.
             Was a High Priest of Trog.
             Slain by an orc warrior (7 damage)
             ... on level 9 of the Dungeon.
             The game lasted 00:13:06 (7894 turns).

wesbby the Spear-Bearer (Minotaur Berserker)        Turns: 7894, Time: 00:13:06

HP:   -1/85 (88)    AC: 12    Str: 31    XL:     10   Next: 20%
MP:   18/18         EV:  8    Int:  4    God:    Trog [*****.]
Gold: 380           SH: 13    Dex: 10    Spells: 9/9 levels left

rFire    + . .     SeeInvis .   a - +1 spear (freeze)
rCold    + . .     Faith    +   l - +1 kite shield
rNeg     . . .     Spirit   .   d - +1 chain mail
rPois    .         Reflect  .   (helmet restricted)
rElec    .         Harm     .   t - scarf {rC+ rF+}
rCorr    .         Rampage  .   (no gloves)
Will     .....                  (no boots)
Stlth    ..........             B - amulet of faith
HPRegen  0.24/turn              f - ring of magical power
MPRegen  0.16/turn              e - +6 ring of strength

@: about to teleport, marked, on berserk cooldown, slowed, lightly drained, very
slow
A: horns 2, retaliatory headbutt
a: Renounce Religion, Berserk, Trog's Hand, Brothers in Arms


You were on level 9 of the Dungeon.
You worshipped Trog.
Trog was extremely pleased with you.
You visited 1 branch of the dungeon, and saw 9 of its levels.

You collected 510 gold pieces.
You spent 130 gold pieces at shops.

Inventory:

Hand Weapons
 a - a +1 spear of freezing (weapon)
Missiles
 o - a throwing net (quivered)
 F - a curare-tipped dart
Armour
 b - a +0 animal skin
 d - a +1 chain mail (worn)
 l - a +1 kite shield (worn)
 t - a scarf of resistance (worn)
Jewellery
 e - a +6 ring of strength (right hand)
 f - a ring of magical power (left hand)
 j - a +6 ring of intelligence
 n - a +6 ring of intelligence
 p - an amulet of regeneration
 y - a +6 ring of intelligence
 z - a ring of protection from cold
 B - an amulet of faith (around neck)
Wands
 g - a wand of iceblast (8)
 A - a wand of polymorph (10)
 C - a wand of acid (9)
Scrolls
 h - 2 scrolls of immolation
 k - 5 scrolls of teleportation
 r - a scroll of fear
 s - a scroll of magic mapping
 x - a scroll of vulnerability
Potions
 c - 4 potions of curing
 i - a potion of magic
 m - 3 potions of resistance
 q - 5 potions of mutation
 u - 2 potions of attraction
 v - a potion of invisibility
 w - a potion of berserk rage {unknown}
 E - a potion of flight


   Skills:
 * Level 8.2 Fighting
 * Level 11.4 Polearms
 * Level 9.2 Armour
 + Level 3.0 Dodging
 + Level 0.4 Stealth
 * Level 7.8 Shields


You had 9 spell levels left.
You didn't know any spells.
Your spell library was empty.

Dungeon Overview and Level Annotations

Branches:
Dungeon (9/15)             Temple (0/1) D:4             Orc (0/2) D:9
   Lair: D:8-11

Altars:
Yredelemnul

Shops:
D:7 [**!?

Annotations:
D:3 2 transporters, Getoffmy's ghost, amateur FoHu


Innate Abilities, Weirdness & Mutations

You have a pair of horns on your head.
You reflexively headbutt those who attack you in melee.


Message History

You feel a strong urge to attack something.
A magic dart appears from out of thin air!
The magic dart hits you.
You are no longer berserk.
You are exhausted.
You feel yourself slow down.
A wight comes into view. It is wielding a +1 hand axe.
The wight closely misses you.
You are too confused!
An orc priest comes into view. It is wielding a +0 hand axe.
You are too confused!
You miss the acid dragon. You headbutt the acid dragon!
The acid dragon is heavily wounded.
The wight barely misses you. The acid dragon barely misses you.
The acid dragon claws you. The wight barely misses you.
The orc priest invokes the aid of Beogh against you.
Beogh smites you! The orc hits you but does no damage.
You are too confused!
You feel less confused.
An orc wizard comes into view. It is wielding a +0 dagger.
The wight hits you but does no damage. The acid dragon bites you!
* * * LOW HITPOINT WARNING * * *
You block the acid dragon's attack. The wight hits you but does no damage.
As you read the scroll of teleportation, it crumbles to dust.
You feel strangely unstable. You block the wight's attack.
The wight hits you but does no damage.
A wight comes into view. It is wielding a +0 halberd.
You block the wight's attack. The acid dragon bites you.
* * * LOW HITPOINT WARNING * * *
The acid dragon claws you but does no damage.
The wight hits you with a +4 scimitar!
* * * LOW HITPOINT WARNING * * *
You feel drained.
* * * LOW HITPOINT WARNING * * *
An acid dragon comes into view.
The wight hits you but does no damage.
The orc priest begins to cast a cantrip, but forgets the words!
You block the wight's attack.
The orc warrior hits you with a +0 mace!
You die...

#).........# ...#
#).........# ...##
#..........# ...8#
#oo........# ....#
#.?........###.>..+
#..o...z....†.....#
#oDoo..)....†....8#
#zzzooo....####..##
#.@o.o.....# .#
#..z.......# #
#..........#
#..........#
#..........#
#D.........#
#..........#
#..........#
#..........# #..#


You could see 2 orc warriors, 2 acid dragons, 5 wights, 3 orc priests, an orc
wizard and 5 orcs.

Vanquished Creatures
  A hornet (D:8)
  Grinder (D:5)
  Sigmund (D:6)
  5 yaks (D:9)
  2 steam dragons (D:7)
  Menkaure (D:7)
  Edmund (D:6)
  Duvessa (D:6)
  A water moccasin (D:7)
  A black bear (D:4)
  2 orc warriors
  An ice beast (D:6)
  An ogre (D:4)
  2 centaurs
  Blork the orc (D:4)
  3 bullfrogs
  A kobold brigand (D:8)
  2 scorpions
  2 water moccasin skeletons (D:5)
  Dowan (D:6)
  7 wights
  4 howler monkeys (D:8)
  2 jellies
  2 centaur zombies (D:9)
  2 bullfrog skeletons (D:5)
  8 orc priests
  4 hounds
  An iguana (D:4)
  Ijyb (D:3)
  6 orc wizards
  A hound zombie (D:3)
  Robin (D:4)
  A howler monkey zombie (D:9)
  4 gnolls (D:6)
  5 adders
  A shadow imp (D:6)
  2 white imps
  An ufetubus (D:6)
  2 adder zombies (D:3)
  3 worms
  9 dart slugs
  36 orcs
  5 endoplasms
  6 giant cockroaches
  13 goblins
  9 hobgoblins
  8 jackals (D:4)
  3 quokkas
  4 ball pythons
  7 bats
  4 frilled lizards
  10 kobolds
  5 rats
208 creatures vanquished.

Vanquished Creatures (others)
  A plant (D:6)
1 creature vanquished.

Grand Total: 209 creatures vanquished

Notes
Turn   | Place    | Note
-------+----------+-------------------------------------------
     0 | D:1      | wesbby the Minotaur Berserker began the quest for the Orb.
     0 | D:1      | Reached XP level 1. HP: 19/19 MP: 0/0
   141 | D:1      | Reached skill level 4 in Polearms
   141 | D:1      | Reached XP level 2. HP: 24/27 MP: 1/1
   509 | D:1      | Found a faded altar of an unknown god.
   842 | D:2      | Reached XP level 3. HP: 34/34 MP: 2/2
   887 | D:2      | Reached ** piety under Trog
  1867 | D:3      | Noticed Ijyb
  1874 | D:3      | Killed Ijyb
  1875 | D:3      | Reached XP level 4. HP: 41/41 MP: 3/3
  1951 | D:3      | Reached skill level 5 in Polearms
  1954 | D:3      | Found a basalt altar of Yredelemnul.
  2268 | D:3      | Found a transporter.
  2324 | D:3      | Noticed Getoffmy's ghost (amateur FoHu)
  2344 | D:3      | Found a transporter.
  2646 | D:4      | Reached XP level 5. HP: 32/47 MP: 4/4
  2769 | D:4      | Reached skill level 1 in Shields
  2785 | D:4      | Reached skill level 6 in Polearms
  2909 | D:4      | Reached XP level 6. HP: 40/55 MP: 5/5
  3158 | D:4      | Found a staircase to the Ecumenical Temple.
  3166 | D:4      | Noticed Blork the orc
  3174 | D:4      | Killed Blork the orc
  3175 | D:4      | Reached skill level 5 in Fighting
  3175 | D:4      | Reached skill level 7 in Polearms
  3296 | D:4      | Reached *** piety under Trog
  3567 | D:4      | Reached XP level 7. HP: 61/61 MP: 6/6
  3653 | D:4      | Noticed Robin
  3667 | D:4      | Killed Robin
  3841 | D:5      | Entered Level 5 of the Dungeon
  3973 | D:5      | Reached skill level 8 in Polearms
  4183 | D:5      | Noticed Grinder
  4185 | D:5      | Paralysed by Grinder for 7 turns
  4197 | D:5      | Paralysed by Grinder for 5 turns
  4207 | D:5      | Killed Grinder
  4208 | D:5      | Reached skill level 5 in Armour
  4208 | D:5      | Reached XP level 8. HP: 46/70 MP: 7/7
  4563 | D:6      | Noticed Edmund
  4593 | D:6      | Reached **** piety under Trog
  4594 | D:6      | Reached skill level 9 in Polearms
  4713 | D:6      | Killed Edmund
  4819 | D:6      | Noticed Duvessa
  4819 | D:6      | Noticed Dowan
  4825 | D:6      | Killed Dowan
  4836 | D:6      | Killed Duvessa
  4892 | D:6      | Noticed Sigmund
  4901 | D:6      | Killed Sigmund
  4902 | D:6      | Reached skill level 5 in Shields
  4940 | D:6      | Reached XP level 9. HP: 78/78 MP: 8/8
  5122 | D:7      | Found Utsit's Assorted Antiques.
  5191 | D:7      | Found Hiyfo's General Store.
  5391 | D:7      | Reached skill level 10 in Polearms
  5529 | D:7      | Found Igecke's Magic Scroll Shop.
  5539 | D:7      | Bought a scroll of teleportation for 30 gold pieces
  5539 | D:7      | Bought a scroll of identify for 20 gold pieces
  5539 | D:7      | Bought a scroll of teleportation for 30 gold pieces
  5539 | D:7      | Bought a scroll of teleportation for 30 gold pieces
  5539 | D:7      | Bought a scroll of identify for 20 gold pieces
  5650 | D:7      | Noticed Menkaure
  5657 | D:7      | Killed Menkaure
  5732 | D:7      | Found Luaf's Armour Boutique.
  5851 | D:7      | Found Cogiru's Distillery.
  6084 | D:8      | Reached ***** piety under Trog
  6185 | D:8      | Identified the +1 robe of Orthodoxy {rPois rC+ Int+4}
  6214 | D:8      | Paralysed by a hornet for 3 turns
  6672 | D:8      | Reached skill level 11 in Polearms
  7407 | D:8      | Identified a scroll of acquirement
  7407 | D:8      | Acquired a +6 ring of strength
  7778 | D:9      | Reached XP level 10. HP: 88/88 MP: 9/9
  7786 | D:9      | Found a staircase to the Orcish Mines.
  7894 | D:9      | Slain by an orc warrior

Illustrated notes

Levels and vault maps discovered:
D:1:      elethiomel_arrival_maze, layout_rooms, chequers_ecumenical_altar_grove
D:2:      layout_loops_corners, kennysheep_big_empty_room
D:3:      cheibrodos_helix_gallery, layout_basic,
          nicolae_yredelemnul_corpse_copse, gammafunk_ghost_arena,
          skrybe_limestone_x, chequers_serial_rivers_micro_a, minmay_ruptured,
          uniq_ijyb
D:4:      layout_loops_cross, minmay_temple_entry_grid, minmay_unequal,
          uniq_blork_the_orc, uniq_robin
D:5:      layout_basic, serial_glass, glass_columns_a, glass_columns_a,
          uniq_grinder
D:6:      corexii_shack_village, layout_rooms, uniq_duvessa, uniq_edmund,
          uniq_sigmund
D:7:      layout_loops_cross, serial_shops, nicolae_shop_statue_plus, shop,
          nicolae_lakefront_shop, nicolae_stop_n_shop_1, kennysheep_mini_moat,
          uniq_menkaure
D:8:      layout_basic
D:9:      layout_long_grid, minmay_orc_entry_temple_small,
          hellmonk_bongcloud_opening

Skill      XL: |  1  2  3  4  5  6  7  8  9 10 |
---------------+-------------------------------+-----
Polearms       | 4 5 6 7 8 9 11 | 11.4
Fighting       | 4 5 6 8 |  8.2
Armour         | 3 4 5 7 8 9 |  9.2
Shields        | 1 2 3 5 7 |  7.8
Dodging        | 3 |  3.0
Stealth        | |  0.4

Action                   |  1- 3 |  4- 6 |  7- 9 | 10-12 || total
-------------------------+-------+-------+-------+-------++-------
Melee: Spear             |   117 |   152 |   390 |    34 ||   693
       Headbutt          |    10 |    24 |    66 |     8 ||   108
Invok: Berserk           |     1 |     4 |    12 |     2 ||    19
  Use: Scroll            |     4 |       |    16 |     1 ||    21
       Potion            |     2 |     1 |     3 |       ||     6
 Stab: Distracted        |       |       |     1 |       ||     1
Armor: Animal skin       |     3 |       |       |       ||     3
       Chain mail        |    23 |    50 |   111 |    13 ||   197
Dodge: Dodged            |    20 |    16 |    63 |     6 ||   105
Block: Kite shield       |    10 |    36 |   145 |    14 ||   205

Table legend: (Time is in decaauts)
 A = Elapsed time spent in this place.
 B = Non-inter-level travel time spent in this place.
 C = Inter-level travel time spent in this place.
 D = Time resting spent in this place.
 E = Time spent auto-exploring this place.
 F = Levels seen in this place.
 G = Mean time per level.
                   A        B        C        D        E       F      G
               +--------+--------+--------+--------+--------+-----+--------+
         Total |   7990 |   7709 |    281 |    946 |   5533 |   9 |  887.8 |
       Dungeon |   7990 |   7709 |    281 |    946 |   5533 |   9 |  887.8 |
               +--------+--------+--------+--------+--------+-----+--------+

Top non-repeatable levels by time:
     D:8: 1590 daAuts
     D:4: 1261 daAuts
     D:2: 998 daAuts
     D:3: 990 daAuts
     D:7: 770 daAuts
     D:5: 695 daAuts
     D:1: 658 daAuts
     D:6: 605 daAuts
     D:9: 419 daAuts
